 Dungeon Crawl Stone Soup version 0.24.0-37-gcf1ca852f1 (webtiles) character file.

Game seed: 5287542867183402303, levelgen mode: deterministic

45 grindst0ne the Digger (level 3, -4/26 HPs)
             Began as a Demigod Earth Elementalist on Nov 21, 2019.
             Slain by a gnoll
             ... wielding a +0 flail
              (9 damage)
             ... on level 2 of the Dungeon.
             The game lasted 00:02:29 (977 turns).

grindst0ne the Digger (Demigod Earth Elementalist)   Turns: 977, Time: 00:02:29

Health: -4/26      AC:  2    Str: 11    XL:     3   Next: 25%
Magic:  1/9        EV: 12    Int: 19    God:
Gold:   67         SH:  0    Dex: 18    Spells: 5/6 levels left

rFire    . . .     SeeInvis .   l - +0 short sword
rCold    . . .     Gourm    .   (no shield)
rNeg     . . .     Faith    .   c - +0 robe
rPois    .         Spirit   .   (no helmet)
rElec    .         Reflect  .   (no cloak)
rCorr    .         Harm     .   (no gloves)
MR       .....                  (no boots)
Stlth    ++........             (no amulet)
HPRegen  0.08/turn              (no ring)
MPRegen  0.11/turn              (no ring)

@: no status effects
A: high mp 1
a: no special abilities


You were on level 2 of the Dungeon.
You were not hungry.

You visited 1 branch of the dungeon, and saw 2 of its levels.

You collected 67 gold pieces.

Inventory:

Hand Weapons
 l - a +0 short sword (weapon)
Missiles
 b - 132 stones (quivered)
Armour
 c - a +0 robe (worn)
 g - a +0 helmet
Jewellery
 i - an uncursed ring of poison resistance {unknown}
Scrolls
 a - a scroll of immolation {unknown}
 f - a scroll of fog {unknown}
 h - 2 scrolls of remove curse {unknown}
 k - a scroll of magic mapping {unknown}
 n - 2 scrolls of identify {unknown}
Potions
 e - a potion of might {unknown}
 j - a potion of berserk rage {unknown}
 m - a potion of heal wounds {unknown}
Comestibles
 d - a ration
 o - a chunk of flesh


   Skills:
 - Level 1.7 Dodging
 + Level 2.6 Stealth
 + Level 2.3 Spellcasting
   Level 0.8 Transmutations
 + Level 3.2 Earth Magic


You had 5 spell levels left.
You knew the following spells:

 Your Spells              Type           Power        Failure   Level  Hunger
a - Sandblast             Erth           ##....       4%          1    #......

Your spell library contained the following spells:

 Spells                   Type           Power        Failure   Level  Hunger
 Passwall                 Tmut/Erth      ##......     11%         2    ##.....
 Stone Arrow              Conj/Erth      #.....       26%         3    ###....
 Petrify                  Tmut/Erth      ##......     56%         4    #####..
 Lee's Rapid Deconstruct  Erth           ##........   77%         5    ######.


Dungeon Overview and Level Annotations

Branches:
Dungeon (2/15)


Innate Abilities, Weirdness & Mutations

You have an increased reservoir of magic. (+10% MP)


Message History

Casting: Sandblast (safe; 4% risk of failure)
Confirm with . or Enter, or press ? or * to list all spells.
Aiming: Sandblast (safe; 4% risk of failure)
Press: ? - help, Shift-Dir - straight line, f/p - gnoll
Aim: a gnoll, wielding a +0 flail (moderately wounded)
The blast of sand hits the gnoll.
The gnoll is heavily wounded.
b - 133 stones The gnoll closely misses you.
Your magical contamination has completely faded away.
Casting: Sandblast (safe; 4% risk of failure)
Confirm with . or Enter, or press ? or * to list all spells.
Aiming: Sandblast (safe; 4% risk of failure)
Press: ? - help, Shift-Dir - straight line, f/p - gnoll
Aim: a gnoll, wielding a +0 flail (heavily wounded)
The blast of sand hits the gnoll.
The gnoll is severely wounded.
b - 132 stones The gnoll hits you with a +0 flail!
You die...

.. #.# #.# ... #####.#######
#.# ..##.# ............###.#
...#. .........###..#.# ....
####.#.## ##.#.## ... #.#.#
#....# #.###########.#.##
##.#..#
............#....###....รท#
..#########.....@.....##.# ..#
#.....g.....##.######
..#########..####.##..........#
......)..##.<# #.....#.#.####.#
..######.##..# #..##...#.# #.#
..# #.##..# #..###.##.# #.# ..#
#.##..###..# #.##.# #.# #.#
#.##..##...# #.##.# ##.##
#.######.##..##.#.#
#.##.###...##


You could see a gnoll.

Vanquished Creatures
  2 gnolls (D:2)
  An adder (D:2)
  A ball python (D:1)
  2 bats (D:2)
  A giant cockroach (D:1)
  A goblin (D:2)
  2 hobgoblins (D:1)
  2 frilled lizards (D:1)
  2 kobolds
  5 rats
19 creatures vanquished.

Notes
Turn   | Place    | Note
-------+----------+-------------------------------------------
     0 | D:1      | grindst0ne the Demigod Earth Elementalist began the quest
                  | for the Orb.
     0 | D:1      | Reached XP level 1. HP: 14/14 MP: 5/5
    52 | D:1      | Found a sparkling altar of Nemelex Xobeh.
   594 | D:2      | Reached skill level 3 in Earth Magic
   594 | D:2      | Reached XP level 2. HP: 20/20 MP: 2/7
   858 | D:2      | Found a shimmering blue altar of Sif Muna.
   859 | D:2      | Found an opulent altar of Gozag.
   859 | D:2      | Found a snail-covered altar of Cheibriados.
   860 | D:2      | Found a shimmering altar of Xom.
   874 | D:2      | Reached XP level 3. HP: 16/26 MP: 3/9
   977 | D:2      | Slain by a gnoll

Levels and vault maps discovered:
D:1:      mainiacjoe_arrival_reflecting_pool, layout_basic, nemelex_altar_shiori
D:2:      layout_loops_ring, grunt_temple_overflow_open

Skill      XL: |  1 |
---------------+----+-----
Stealth        | 2 |  2.6
Spellcasting   | 2 |  2.3
Earth Magic    | 3 |  3.2
Dodging        | |  1.7
Transmutations | |  0.8

Action                   || total
-------------------------++-------
Melee: Unarmed           ||    12
       Short sword       ||     5
 Cast: Sandblast         ||    36
Armor: Robe              ||     8
Dodge: Dodged            ||    20
